 Dungeon Crawl Stone Soup version 0.23-a0-890-gc183402 (webtiles) character file.

Game seed: 2216275241224946026

28 galech the Skirmisher (level 3, 26/29 HPs)
             Began as a Demonspawn Fighter on Jan 28, 2019.
             Quit the game on level 1 of the Dungeon.
             The game lasted 00:00:44 (663 turns).

galech the Skirmisher (Demonspawn Fighter)           Turns: 663, Time: 00:00:44

Health: 26/29      AC:  8    Str: 16    XL:     3   Next: 0%
Magic:  3/3        EV:  6    Int:  9    God:
Gold:   67         SH:  9    Dex: 13    Spells: 2/2 levels left

rFire    . . .     SeeInvis .   a - +0 war axe
rCold    . . .     Gourm    .   c - +0 shield
rNeg     . . .     Faith    .   b - +0 scale mail
rPois    .         Spirit   .   (no helmet)
rElec    .         Reflect  .   (no cloak)
rCorr    .         Harm     .   (no gloves)
MR       .....                  (no boots)
Stlth    ..........             j - amulet of magic regeneration
HPRegen  0.09/turn              (no ring)
MPRegen  0.33/turn              (no ring)

@: no status effects
A: slimy green scales 1, demonic guardian 1
a: no special abilities


You were on level 1 of the Dungeon.
You were not hungry.

You visited 1 branch of the dungeon, and saw 1 of its levels.

You collected 67 gold pieces.

Inventory:

Hand Weapons
 a - a +0 war axe (weapon)
Armour
 b - a +0 scale mail (worn)
 c - a +0 shield (worn)
Jewellery
 j - an amulet of magic regeneration (around neck)
Scrolls
 e - 2 scrolls of identify {unknown}
 g - a scroll of immolation {unknown}
 i - a scroll of blinking {unknown}
 n - a scroll of fog {unknown}
Potions
 d - a potion of might
 h - a potion of ambrosia {unknown}
 k - a potion of flight {unknown}
 m - a potion of cancellation {unknown}
 o - a potion of curing {unknown}
Comestibles
 f - 4 rations
 l - 4 chunks of flesh


   Skills:
 + Level 3.2 Fighting
 + Level 2.4 Axes
 + Level 2.8 Armour
 + Level 3.0 Shields


You had 2 spell levels left.
You didn't know any spells.
Your spell library was empty.

Dungeon Overview and Level Annotations

Branches:
Dungeon (1/15)

Altars:


Innate Abilities, Weirdness & Mutations

You are partially covered in slimy green scales. (AC +2)
A weak demonic guardian rushes to your aid.


Message History

A goblin comes into view. It is wielding a +0 dagger.
A goblin comes into view. It is wielding a +0 club.
The goblin shouts!
You block the goblin's attack.
You closely miss the goblin. The goblin hits you but does no damage.
You hit the goblin.
You kill the goblin!
You block the goblin's attack.
You barely miss the goblin. You block the goblin's attack.
You hit the goblin.
You kill the goblin!
You closely miss the goblin. The goblin hits you with a +0 club.
You slash the goblin!
You kill the goblin!
You have reached level 3!
Your experience leads to an increase in your attributes!
Increase (S)trength, (I)ntelligence, or (D)exterity?
You feel agile.
Your demonic ancestry asserts itself...
Slimy green scales grow over part of your body.
Are you sure you want to abandon this character and quit the game? (Confirm with "yes".)

.########.##############
#.# .########.## #.#
.#.........#
###########.##
.#.######..#
#............# .#
#....#..# #.############
.#.#.##.#..### #.#
.#.#..)......# #.#
#.#..#.#..#.# #.#
#.#..#.#..#.# #@#
#.#.(#.#..# # #)#
#.#..#.#..# #.#
#.####.#..# ...
#......#..# #.#
#.######... ...
#........ ..#
.#.###############
.#..............


There were no monsters in sight!

Vanquished Creatures
  2 dart slugs (D:1)
  2 giant cockroaches (D:1)
  3 goblins (D:1)
  2 hobgoblins (D:1)
  A jackal (D:1)
  2 kobolds (D:1)
  A ball python (D:1)
  3 bats (D:1)
  3 frilled lizards (D:1)
  4 rats (D:1)
23 creatures vanquished.

Notes
Turn   | Place    | Note
-------+----------+-------------------------------------------
     0 | D:1      | galech the Demonspawn Fighter began the quest for the Orb.
     0 | D:1      | Reached XP level 1. HP: 18/18 MP: 1/1
   158 | D:1      | Gained mutation: A weak demonic guardian rushes to your
                  | aid. [demonic ancestry]
   158 | D:1      | Reached XP level 2. HP: 24/24 MP: 2/2
   662 | D:1      | Gained mutation: You are partially covered in slimy green
                  | scales. (AC +2) [demonic ancestry]
   662 | D:1      | Reached XP level 3. HP: 26/29 MP: 3/3
   663 | D:1      | Quit the game

Vault maps used:
D:1:      dpeg_arrival_arbitrary_b, minmay_pentomino_r4

Skill      XL: |  1  2 |
---------------+-------+-----
Shields        | 3 |  3.0
Axes           | 2 |  2.4
Fighting       | |  3.2
Armour         | |  2.8

Action                   || total
-------------------------++-------
Melee: War axe           ||    60
Armor: Scale mail        ||    24
Dodge: Dodged            ||    18
Block: Shield            ||    29

Table legend:
 A = Non-vault XP
 B = Vault XP
 C = Vault XP percentage of total XP
 D = Non-vault monster count
 E = Vault monster count
 F = Vault count percentage of total count
                 A         B        C        D         E       F
            +---------+---------+-------+---------+---------+-------
      Total |      37 |       4 |   9.8 |      20 |       3 |  13.0
            +---------+---------+-------+---------+---------+-------
        D:1 |      37 |       4 |   9.8 |      20 |       3 |  13.0
            +---------+---------+-------+---------+---------+-------
